 Dungeon Crawl Stone Soup version 0.19-a0-1007-g133f65f (webtiles) character file.

138 Ijustatesigmund the Skirmisher (level 5, -2/42 HPs)
             Began as a Demonspawn Fighter on July 21, 2016.
             Killed from afar by Sigmund (6 damage)
             ... with a magic dart
             ... on level 2 of the Dungeon.
             The game lasted 00:02:54 (1789 turns).

Ijustatesigmund the Skirmisher (Demonspawn Fighter) Turns: 1789, Time: 00:02:55

Health: -2/42      AC:  6    Str: 16    XL:     5   Next: 1%
Magic:  5/5        EV: 16    Int:  9    God:
Gold:   81         SH:  0    Dex: 19    Spells: 0 memorised, 4 levels left

rFire  . . .     SeeInvis .     a - +0 flail
rCold  . . .     Gourm    .     b - +0 scale mail
rNeg   . . .     Faith    .     c - +0 shield
rPois  .         Spirit   .     (no helmet)
rElec  .         Dismiss  .     (no cloak)
rCorr  .         Reflect  .     (no gloves)
SustAt .         Harm     .     (no boots)
MR     .....                    (no amulet)
Stlth  +.........               (no ring)
                                (no ring)

@: confused, agile, not resistant to hostile enchantments, very unstealthy
A: repulsion field 2, rot immunity
a: no special abilities


You were on level 2 of the Dungeon.
You were hungry.

You visited 1 branch of the dungeon, and saw 2 of its levels.

You collected 81 gold pieces.

Inventory:

Hand Weapons
 a - a +0 flail (weapon)
Armour
 b - a +0 scale mail (worn)
 c - a +0 shield (worn)
Scrolls
 d - 2 scrolls of identify
 g - 2 scrolls of fog {unknown}
 h - a scroll of blinking {unknown}
 j - a scroll of teleportation {unknown}
Comestibles
 f - 2 bread rations


   Skills:
 + Level 4.0 Fighting
 + Level 3.0 Maces & Flails
 - Level 2.6 Armour
 + Level 2.3 Dodging
 - Level 2.6 Shields


You had 4 spell levels left.
You didn't know any spells.

Dungeon Overview and Level Annotations

Branches:
Dungeon (2/15)

Altars:

Annotations:
D:2 Sigmund


Innate Abilities, Weirdness & Mutations

You are surrounded by a moderate repulsion field. (EV +3)
You are immune to rotting.


Message History

Reactivating autopickup.
You block Sigmund's attack.
You closely miss Sigmund.
Sigmund is severely wounded.
Sigmund closely misses you.
You sock Sigmund!
Sigmund is almost dead.
You block Sigmund's attack.
You closely miss Sigmund.
Sigmund is almost dead.
You closely miss Sigmund.
Sigmund is almost dead.
Sigmund points at you and mumbles some strange words.
You are confused.
Sigmund casts a spell at you.
You are more confused.
You're too confused to move!
Sigmund casts a spell at you. The magic dart hits you!
You die...

#.#......... ###
#........... #..
#........... #.#
#........... #.#
#........... #.#
###'##########
#.# #..........#
#@# #..........#
##@###..........#
#?...'..........#
######..........#
#...)......#
############


You could see Sigmund.

Vanquished Creatures
  Terence (D:2)
  Ijyb (D:2)
  3 gnolls (D:2)
  3 worms (D:2)
  A giant gecko (D:1)
  A giant cockroach (D:2)
  4 goblins
  9 hobgoblins
  6 jackals (D:1)
  A quokka (D:2)
  A ball python (D:1)
  5 bats
  2 giant newts (D:1)
  5 kobolds
  9 rats
52 creatures vanquished.

Notes
Turn   | Place    | Note
-------+----------+-------------------------------------------
     0 | D:1      | Ijustatesigmund the Demonspawn Fighter began the quest for the Orb.
     0 | D:1      | Reached XP level 1. HP: 18/18 MP: 1/1
   109 | D:1      | Gained mutation: You are surrounded by a mild repulsion field. (EV +2) [demonic ancestry]
   109 | D:1      | Reached XP level 2. HP: 18/24 MP: 2/2
   232 | D:1      | Reached skill level 1 in Dodging
   575 | D:1      | Gained mutation: You are surrounded by a moderate repulsion field. (EV +3) [demonic ancestry]
   575 | D:1      | Reached XP level 3. HP: 28/29 MP: 3/3
  1365 | D:2      | Noticed Terence
  1374 | D:2      | Killed Terence
  1374 | D:2      | Gained mutation: You are immune to rotting. [demonic ancestry]
  1374 | D:2      | Reached XP level 4. HP: 37/37 MP: 4/4
  1421 | D:2      | Reached skill level 4 in Fighting
  1637 | D:2      | Noticed Ijyb
  1670 | D:2      | Killed Ijyb
  1685 | D:2      | Reached XP level 5. HP: 37/42 MP: 5/5
  1758 | D:2      | Noticed Sigmund
  1781 | D:2      | HP: 2/42 [something (7)]
  1789 | D:2      | Killed from afar by Sigmund

Vault maps used:
D:1:      dpeg_arrival_line_fractal, kennysheep_another_room
D:2:      uniq_sigmund, uniq_iyjb, uniq_terence

Skill      XL: |  1  2  3  4 |
---------------+-------------+-----
Maces & Flails | 2 3 |  3.0
Dodging        | 1 2 |  2.3
Fighting       | 4 |  4.0
Armour         | |  2.6
Shields        | |  2.6

Action                   |  1- 3 |  4- 6 || total
-------------------------+-------+-------++-------
Melee: Flail             |   163 |   100 ||   263
  Use: Scroll            |     1 |       ||     1
       Potion            |     1 |     1 ||     2
  Eat: Chunk             |     2 |     1 ||     3
Armor: Scale mail        |    86 |    21 ||   107
Dodge: Dodged            |    99 |    34 ||   133
Block: Shield            |    90 |    45 ||   135
